 Dungeon Crawl Stone Soup version 0.26-a0-662-g8b9c6dab81 (console) character file.

Game seed: 6274036143201583831

945 om the Chiller (level 7, 0/50 HPs)
             Began as a Black Draconian Ice Elementalist on Oct 9, 2020.
             Was an Initiate of Sif Muna.
             Killed themself with a bounced orb of electricity (6 damage)
             ... on level 6 of the Dungeon.
             The game lasted 00:11:38 (7583 turns).

om the Chiller (Black Draconian Ice Elementalist)   Turns: 7583, Time: 00:11:40

Health: 0/50       AC:  6    Str: 11    XL:     7   Next: 89%
Magic:  20/22      EV: 13    Int: 17    God:    Sif Muna [......]
Gold:   243        SH:  0    Dex: 11    Spells: 10/14 levels left

rFire    . . .     SeeInvis .   g - +0 falchion (flame)
rCold    . . .     Faith    .   (no shield)
rNeg     . . .     Spirit   .   (armour unavailable)
rPois    .         Reflect  .   (helmet restricted)
rElec    +         Harm     .   (no cloak)
rCorr    .         Rampage  .   (no gloves)
MR       .....                  (no boots)
Stlth    ++........             (no amulet)
HPRegen  0.16/turn              t - ring of magical power
MPRegen  0.18/turn              (no ring)

@: frozen ramparts
A: breathe lightning, unfitting armour, electricity resistance, cold-blooded, AC
+6
a: Breathe Lightning, Renounce Religion


You were on level 6 of the Dungeon.
You worshipped Sif Muna.
Sif Muna was noncommittal.
You visited 1 branch of the dungeon, and saw 6 of its levels.

You collected 243 gold pieces.

Inventory:

Hand Weapons
 b - a +0 hand axe
 g - a +0 falchion of flaming (weapon)
 m - a +0 dagger of venom
Jewellery
 t - a ring of magical power (left hand)
 u - an uncursed ring of fire
Wands
 p - a wand of random effects (26)
 v - a wand of acid (14)
 w - a wand of digging (7)
Scrolls
 c - 2 scrolls of identify {unknown}
 e - 4 scrolls of amnesia {unknown}
 h - 2 scrolls of fog {unknown}
 i - a scroll of immolation {unknown}
 j - 4 scrolls of remove curse {unknown}
 k - 3 scrolls of teleportation {unknown}
 l - a scroll of enchant armour {unknown}
 n - a scroll of blinking {unknown}
 q - a scroll of magic mapping {unknown}
 s - a scroll of enchant weapon {unknown}
Potions
 a - a potion of mutation {unknown}
 d - a potion of flight {unknown}
 f - a potion of magic {unknown}
 o - a potion of might {unknown}
 r - a potion of degeneration {unknown}


   Skills:
 * Level 0.1 Long Blades
 + Level 4.1 Dodging
 + Level 4.3 Stealth
 + Level 4.0 Spellcasting
 + Level 7.0 Ice Magic
 + Level 0.0 Invocations


You had 10 spell levels left.
You knew the following spells:

 Your Spells              Type           Power        Failure   Level
a - Freeze                Ice            ####         1%          1
b - Frozen Ramparts       Ice            ####..       2%          3

Your spell library contained the following spells:

 Spells                   Type           Power        Failure   Level
 Ozocubu's Armour         Ice            ####....     2%          3
 Hailstorm                Conj/Ice       ###.....     36%         4
 Summon Ice Beast         Ice/Summ       ###.....     36%         4


Dungeon Overview and Level Annotations

Branches:
Dungeon (6/15)             Temple (0/1) D:5

Altars:
Fedhas
Gozag
Makhleb
Nemelex Xobeh
Okawaru
Ru
Sif Muna
Yredelemnul
Zin

Annotations:
D:6 1 transporter, Eustachio; Ooooooops's ghost, novice GrFi


Innate Abilities, Weirdness & Mutations

You can breathe wild blasts of lightning.
Your glossy black scales are hard. (AC +6)
You cannot fit into any form of body armour.
You are resistant to electric shocks. (rElec)
You are cold-blooded and may be slowed by cold attacks.


Message History

The puff of frost hits you!
* * * LOW HITPOINT WARNING * * *
Eustachio resists.
The wall freezes Eustachio.
Eustachio hits you with a +0 rapier.
* * * LOW HITPOINT WARNING * * *
The white imp completely resists.
The wall freezes the white imp but do no damage.
The white imp misses you.
You riposte.
You hit the white imp. You burn the white imp.
Your tail-slap misses the white imp.
The white imp is almost dead.
Okay, then.
You breathe a wild blast of lightning!
The orb of electricity explodes!
The orb of electricity engulfs the white imp!!
You kill the white imp!
Sif Muna accepts your kill.
The orb of electricity engulfs you but does no damage.
You resist.
The orb of electricity engulfs Eustachio.
Eustachio is almost dead.
The orb of electricity explodes!
The orb of electricity engulfs you. You resist.
You die...

### ..# .
####..# ..
#.@@..#
#.#####...#
#.......#.#
#.......#..#
#.....§§# .#
#.......+ .#
#.......# .
#......... ..
#........©..
#..###########
#..#$..W......


You could see Eustachio.

Vanquished Creatures
  Sigmund (D:3)
  Edmund (D:4)
  2 ogres
  A centaur (D:5)
  A vampire bat (D:4)
  A howler monkey (D:4)
  An orc wizard (D:4)
  2 worker ants (D:4)
  6 adders
  A howler monkey skeleton (D:5)
  A white imp (D:6)
  3 oozes
  A worm (D:3)
  A dart slug (D:4)
  3 fire bats (D:4)
  4 leopard geckos
  14 orcs
  2 spectral bats (D:4)
  14 bats
  3 bat skeletons (D:4)
  A bat zombie (D:4)
  3 giant cockroaches
  10 goblins
  9 hobgoblins
  4 jackals
  A ball python (D:1)
  A bat simulacrum (D:4)
  4 frilled lizards
  11 kobolds
  A leopard gecko zombie (D:5)
  8 rats
116 creatures vanquished.

Notes
Turn   | Place    | Note
-------+----------+-------------------------------------------
     0 | D:1      | om the Draconian Ice Elementalist began the quest for the
                  | Orb.
     0 | D:1      | Reached XP level 1. HP: 14/14 MP: 3/3
   330 | D:1      | Reached XP level 2. HP: 11/20 MP: 1/5
  1234 | D:1      | Reached XP level 3. HP: 22/26 MP: 6/6
  1670 | D:1      | Learned a level 3 spell: Frozen Ramparts
  2821 | D:2      | Reached XP level 4. HP: 33/33 MP: 3/7
  2880 | D:2      | Found an iron altar of Okawaru.
  3534 | D:3      | You fall into a shaft and drop 2 floors!
  3534 | D:5      | Entered Level 5 of the Dungeon
  3576 | D:4      | Found a sacrificial altar of Ru.
  3581 | D:4      | Found a blossoming altar of Fedhas.
  3637 | D:4      | Reached skill level 5 in Ice Magic
  3637 | D:4      | Reached XP level 5. HP: 31/38 MP: 4/9
  4167 | D:4      | Noticed Edmund
  4202 | D:4      | Killed Edmund
  4202 | D:4      | Reached XP level 6. HP: 27/45 MP: 1/10
  4977 | D:3      | Noticed Sigmund
  4984 | D:3      | Reached skill level 6 in Ice Magic
  4993 | D:3      | Killed Sigmund
  4993 | D:3      | Your scales start taking on a glossy black colour.
  4993 | D:3      | Reached XP level 7. HP: 46/50 MP: 2/12
  4993 | D:3      | Gained mutation: You are resistant to electric shocks.
                  | (rElec) [Black Draconian growth]
  5705 | D:4      | Found a burning altar of Makhleb.
  5711 | D:4      | Noticed a blizzard demon
  5712 | D:4      | Found a glowing silver altar of Zin.
  5712 | D:4      | Noticed an angel
  6671 | D:5      | Found a staircase to the Ecumenical Temple.
  6776 | D:5      | Found an opulent altar of Gozag.
  6776 | D:5      | Found a sparkling altar of Nemelex Xobeh.
  7139 | D:5      | Reached skill level 7 in Ice Magic
  7287 | D:5      | Found a basalt altar of Yredelemnul.
  7381 | D:5      | Found a shimmering blue altar of Sif Muna.
  7522 | D:5      | Became a worshipper of Sif Muna the Loreminder
  7560 | D:6      | Noticed Eustachio
  7564 | D:6      | Found a transporter.
  7564 | D:6      | Noticed Ooooooops's ghost (novice GrFi)
  7583 | D:6      | Killed themself with a bounced orb of electricity

Illustrated notes

Levels and vault maps discovered:
D:1:      lemuel_arrival_rhombus, layout_basic, wad_floor_pattern_1
D:2:      layout_loops_ring, kennysheep_okawaru_gauntlet
D:3:      minmay_door_path, layout_basic, st_stairs_1, uniq_sigmund
D:4:      layout_layer_cave, grunt_temple_overflow_order_and_chaos_2,
          grunt_temple_overflow_open, goddamned_bats, uniq_edmund
D:5:      layout_cave_pools, grunt_temple_overflow_opulence, lemuel_round_altar,
          marbit_many_paths, minmay_temple_entry_junction
D:6:      layout_basic, gammafunk_ghost_mausoleum, uniq_grinder, uniq_eustachio,
          uniq_prince_ribbit1, uniq_blork_the_orc

Skill      XL: |  1  2  3  4  5  6  7 |
---------------+----------------------+-----
Stealth        | 2 3 4 |  4.3
Dodging        | 2 3 4 |  4.1
Ice Magic      | 5 6 7 |  7.0
Spellcasting   | 3 4 |  4.0
Long Blades    | |  0.1

Action                   |  1- 3 |  4- 6 |  7- 9 || total
-------------------------+-------+-------+-------++-------
Melee: Unarmed           |    20 |       |       ||    20
       Tailslap          |    13 |     2 |    11 ||    26
       Hand axe          |    78 |       |       ||    78
       Falchion          |    22 |    45 |    72 ||   139
 Cast: Freeze            |    30 |    19 |     5 ||    54
       Frozen Ramparts   |       |    14 |    10 ||    24
 Abil: Breathe Lightning |       |       |     1 ||     1
 Stab: Sleeping          |     3 |     4 |     4 ||    11
Armor: Skin              |    62 |    19 |    35 ||   116
Dodge: Dodged            |   115 |    70 |    94 ||   279
       Rpst.: Falchion   |     2 |    19 |    35 ||    56

Table legend: (Time is in decaauts)
 A = Elapsed time spent in this place.
 B = Non-inter-level travel time spent in this place.
 C = Inter-level travel time spent in this place.
 D = Time resting spent in this place.
 E = Time spent auto-exploring this place.
 F = Levels seen in this place.
 G = Mean time per level.
                   A        B        C        D        E       F      G
               +--------+--------+--------+--------+--------+-----+--------+
         Total |   7648 |   7273 |    375 |   1570 |   4456 |   6 | 1274.7 |
       Dungeon |   7648 |   7273 |    375 |   1570 |   4456 |   6 | 1274.7 |
               +--------+--------+--------+--------+--------+-----+--------+

Top non-repeatable levels by time:
     D:4: 2075 daAuts
     D:1: 2023 daAuts
     D:3: 1597 daAuts
     D:2: 977 daAuts
     D:5: 947 daAuts
     D:6: 27 daAuts
